AoeStats
← perromelocoton

Arena

506622086Analyzed
1v1 RM · 17d ago on Sep 14, 2026· 43m 15s· 2 players
Game mode
Random Map
Map size
Tiny (2 player)
Population
200
Speed
Normal
Resources
Standard
Victory
Conquest
Starting age
Dark Age
Ending age
Imperial Age
RankedLock teamsTeams togetherTeam positionsShared explorationLock speedFull tech treeHidden civsTurbo modeCheats
Victory
Defeat
🇪🇸 Britons · Spain
860
+19
🇮🇳 Franks · India
928
-19
sumedh.ssk
11:57 Feudal Age
12:44 Double-Bit Axe
12:52 Loom
16:41 Castle Age
18:17 Wheelbarrow
17:30 Loom
18:20 Wheelbarrow
22:03 Forging
22:53 Fletching
29:43 Imperial Age
28:39 Scale Barding Armor
30:10 Iron Casting
29:36 Gold Mining
31:41 Cavalier
33:02 Bodkin Arrow
34:42 Chain Barding Armor
36:09 Paladin
40:13 Blast Furnace
39:49 Plate Barding Armor
40:21 Conscription
perromelocoton
6:48 Loom
9:25 Feudal Age
10:11 Double-Bit Axe
15:17 Castle Age
14:14 Scale Mail Armor
14:12 Horse Collar
19:50 Heavy Plow
20:27 Fletching
23:07 Bodkin Arrow
24:25 Gold Mining
26:43 Wheelbarrow
32:01 Imperial Age
31:17 Forging
30:29 Pikeman
31:44 Masonry
31:56 Ballistics
31:50 Squires
31:36 Gambesons
33:13 Bracer
35:57 Chemistry
36:23 Padded Archer Armor
36:31 Siege Engineers
37:51 Halberdier
38:56 Chain Mail Armor
39:18 Arson
40:47 Iron Casting
40:56 Gold Shaft Mining
40:13 Stone Mining
41:29 Conscription
42:36 Plate Mail Armor
44:21 Blast Furnace
Connection lost

Rejoining the realm…

Still unreachable

The connection could not be restored.

Session expired

The server has moved on; the page needs a fresh start.